 Dungeon Crawl Stone Soup version 0.29-a0-338-g1ff7896281 (webtiles) character file.

Game seed: 7846350879378208703

404 tdubbs the Magician (level 7, -2/46 HPs)
             Began as a Djinni Fire Elementalist on Apr 17, 2022.
             Slain by a hound (4 damage)
             ... on level 4 of the Dungeon.
             The game lasted 00:22:42 (5688 turns).

tdubbs the Magician (Djinni Fire Elementalist)      Turns: 5688, Time: 00:22:43

Health: -2/46      AC:  8    Str:  7    XL:     7   Next: 12%
Gold:   194        EV: 12    Int: 18    God:
                   SH:  0    Dex: 14

rFire   + + .      SeeInvis .   q - +2 dagger (flame)
rCold   . . .      Faith    .   (no shield)
rNeg    . . .      Spirit   .   m - +0 leather armour {rC+}
rPois   ∞          Reflect  .   s - +0 helmet
rElec   .          Harm     .   (no cloak)
rCorr   +          Rampage  .   (no gloves)
Will    .....                   (boots unavailable)
Stlth   ++........              n - amulet of the acrobat
HPRegen 0.15/turn               b - +4 ring of protection
MPRegen 0.00/turn               z - ring of resist corrosion

@: flying, very slightly contaminated
A: sickness immunity, fire resistance 2, cold vulnerability 1, float, innate
caster, HP casting, extra vitality 1
a: no special abilities


You were on level 4 of the Dungeon.
You visited 1 branch of the dungeon, and saw 5 of its levels.

You collected 194 gold pieces.

Inventory:

Hand Weapons
 q - a +2 dagger of flaming (weapon)
Armour
 a - a +0 robe
 m - a +0 leather armour of cold resistance (worn)
 s - a +0 helmet (worn)
Jewellery
 b - a +4 ring of protection (left hand)
 n - an amulet of the acrobat (around neck)
 y - a ring of ice
 z - a ring of resist corrosion (right hand)
Wands
 u - a wand of digging (5)
Scrolls
 d - 5 scrolls of noise {unknown}
 e - 3 scrolls of identify {unknown}
 f - 5 scrolls of teleportation {unknown}
 g - a scroll of immolation {unknown}
 h - a scroll of fear {unknown}
 i - a scroll of amnesia {unknown}
 j - 2 scrolls of vulnerability {unknown}
 p - 2 scrolls of brand weapon {unknown}
 v - a scroll of blinking {unknown}
Potions
 c - 3 potions of heal wounds {unknown}
 l - a potion of lignification {unknown}
 o - 3 potions of brilliance {unknown}
 r - a potion of curing {unknown}
 t - a potion of mutation {unknown}
 w - a potion of might {unknown}
 x - a potion of berserk rage {unknown}


   Skills:
 + Level 0.8 Fighting
 + Level 2.1 Armour
 + Level 2.8 Dodging
 + Level 2.1 Stealth
 + Level 5.0 Spellcasting


You couldn't memorise any spells.
You knew the following spells:

 Your Spells              Type           Power      Damage    Failure   Level
a - Foxfire               Conj/Fire      88%        2x1d8     2%          1
b - Scorch                Fire           44%        2d7       3%          2
c - Conjure Flame         Conj/Fire      22%        6-21      8%          3
d - Inner Flame           Hex/Fire       22%        N/A       8%          3
e - Flame Wave            Conj/Fire      22%        2d7       24%         4
f - Summon Small Mammal   Summ           88%        N/A       2%          1
g - Corpse Rot            Necr/Air       44%        N/A       3%          2
h - Ensorcelled Hibernat  Hex/Ice        44%        N/A       3%          2
Your spell library was empty.

Dungeon Overview and Level Annotations

Branches:
Dungeon (5/15)
 Temple: D:4-7

Altars:
Dithmenos


Innate Abilities, Weirdness & Mutations

You are immune to sickness and miasma.
You are immune to poison.
Your flesh is very heat resistant. (rF++)
You are vulnerable to cold. (rC-)
You float through the air rather than walking.
You learn spells naturally, not from books.
Your magical power is your life essence.
You have superior vitality. (+4 MHP)


Message History

Casting: Foxfire (safe; 2% risk of failure)
Press: ? - help, Q - select action, (/) - cycle Dir - look around, f - activate You conjure some foxfire!
You are flying.
Your flying speed is average.
Your attack delay is about 1.0.
Casting: Conjure Flame (dangerous; 8% risk of failure)
Press: ? - help, Q - select action, (/) - cycle Dir - look around, f - activate The fire begins to smoulder!
The foxfire hits the hound.
The hound is moderately wounded.
The foxfire hits the hound.
The hound is heavily wounded.
The hound misses you. The hound bites you but does no damage.
Casting: Conjure Flame (dangerous; 8% risk of failure)
Press: ? - help, Q - select action, (/) - cycle Dir - look around, f - activate The fire ignites!
You are engulfed in blazing flames.
You resist. The hound bites you.
Unknown command.
Casting: Conjure Flame (dangerous; 8% risk of failure)
Press: ? - help, Q - select action, (/) - cycle Dir - look around, f - activate The fire blazes with new energy!
You are engulfed in blazing flames.
You resist. The hound bites you. The hound bites you but does no damage.
Casting: Conjure Flame (dangerous; 8% risk of failure)
Press: ? - help, Q - select action, (/) - cycle Dir - look around, f - activate Look: a hound (moderately wounded)
You miscast Conjure Flame.
You are very lightly contaminated with residual magic.
Nothing appears to happen.
You are engulfed in blazing flames.
You resist. The hound closely misses you.
You hit the hound. You burn the hound.
The hound is heavily wounded.
You are engulfed in blazing flames.
You resist.
* * * LOW HITPOINT WARNING * * *
The hound closely misses you. x2
You miss the hound.
The hound is heavily wounded.
You are engulfed in blazing flames.
You resist.
* * * LOW HITPOINT WARNING * * *
The hound bites you.
You die...

################
#.###..............#
#####.#......# #........
......+......# #........
....#.#(.....###h.......
....#........'..@.......
.............###........
.....[.......>##........
.........<...###........
######.....### #........
#.....# ##....#.#
#.#'### ....# # #.#.#
....# #.#.#


You could see a hound.

Vanquished Creatures
  3 orc priests
  2 iguanas (D:4)
  Terence (D:2)
  Natasha (thrice) (D:2)
  Robin (D:2)
  3 adders
  4 gnolls (D:3)
  3 worms
  8 orcs
  8 ball pythons
  5 bats
  4 endoplasms
  4 giant cockroaches
  14 goblins
  3 hobgoblins
  2 frilled lizards
  5 kobolds
  7 rats
80 creatures vanquished.

Vanquished Creatures (others)
  300 foxfires
300 creatures vanquished.

Grand Total: 380 creatures vanquished

Notes
Turn   | Place    | Note
-------+----------+-------------------------------------------
     0 | D:1      | tdubbs the Djinni Fire Elementalist began the quest for the
                  | Orb.
     0 | D:1      | Reached XP level 1. HP: 15/15 MP: 0/0
   422 | D:1      | Reached XP level 2. HP: 19/21 MP: 0/0
   995 | D:1      | Found a faded altar of an unknown god.
  1067 | D:2      | Reached skill level 3 in Spellcasting
  1067 | D:2      | Reached XP level 3. HP: 21/25 MP: 0/0
  1067 | D:2      | Learned a level 1 spell: Summon Small Mammal
  1659 | D:2      | Found a shadowy altar of Dithmenos.
  1757 | D:2      | Noticed Natasha
  1762 | D:2      | Killed Natasha
  1763 | D:2      | Reached XP level 4. HP: 27/31 MP: 0/0
  2046 | D:2      | Noticed Natasha
  2050 | D:2      | Killed Natasha
  2128 | D:2      | Noticed Robin
  2139 | D:2      | Killed Robin
  2140 | D:2      | Reached XP level 5. HP: 29/35 MP: 0/0
  2140 | D:2      | Learned a level 2 spell: Corpse Rot
  2251 | D:2      | Noticed Natasha
  2258 | D:2      | Killed Natasha
  2259 | D:2      | Reached skill level 4 in Spellcasting
  2564 | D:2      | Noticed Terence
  2571 | D:2      | Killed Terence
  3223 | D:3      | Reached XP level 6. HP: 40/41 MP: 0/0
  3899 | D:5      | Entered Level 5 of the Dungeon
  4582 | D:4      | Reached skill level 1 in Armour
  5069 | D:3      | Reached XP level 7. HP: 11/46 MP: 0/0
  5069 | D:3      | Learned a level 2 spell: Ensorcelled Hibernation
  5311 | D:3      | Reached skill level 5 in Spellcasting
  5688 | D:4      | HP: 2/46 [cloud of flame (6)]
  5688 | D:4      | Slain by a hound

Illustrated notes

Levels and vault maps discovered:
D:1:      roderic_crossed_star, layout_basic,
          shapermc_ecumenical_altar_mp_vishouse, nicolae_figureground_sparkle
D:2:      layout_loops_corners, basic_altar, minmay_heptomino_d4, uniq_terence,
          uniq_robin, uniq_natasha
D:3:      layout_basic, minmay_misc_feat_hallway
D:4:      layout_basic
D:5:      layout_loops_ring, eat_drink_and_be_merry_uskayaw,
          minmay_temple_entry_trees, gup_sewer_entry_bubbles, serial_shops,
          nicolae_stop_n_shop_1

Skill      XL: |  1  2  3  4  5  6  7 |
---------------+----------------------+-----
Spellcasting   | 3 4 5 |  5.0
Stealth        | 2 |  2.1
Armour         | 2 |  2.1
Fighting       | |  0.8
Dodging        | |  2.8

Action                   |  1- 3 |  4- 6 |  7- 9 || total
-------------------------+-------+-------+-------++-------
Melee: Dagger            |       |     8 |     2 ||    10
 Cast: Foxfire           |    49 |   132 |     8 ||   189
       Scorch            |       |     4 |     1 ||     5
       Conjure Flame     |       |       |     3 ||     3
Armor: Robe              |     3 |       |       ||     3
       Leather armour    |       |     6 |     2 ||     8
Dodge: Dodged            |    11 |    20 |     4 ||    35

Table legend: (Time is in decaauts)
 A = Elapsed time spent in this place.
 B = Non-inter-level travel time spent in this place.
 C = Inter-level travel time spent in this place.
 D = Time resting spent in this place.
 E = Time spent auto-exploring this place.
 F = Levels seen in this place.
 G = Mean time per level.
                   A        B        C        D        E       F      G
               +--------+--------+--------+--------+--------+-----+--------+
         Total |   5711 |   5153 |    558 |      0 |   4430 |   5 | 1142.2 |
       Dungeon |   5711 |   5153 |    558 |      0 |   4430 |   5 | 1142.2 |
               +--------+--------+--------+--------+--------+-----+--------+

Top non-repeatable levels by time:
     D:3: 1829 daAuts
     D:2: 1641 daAuts
     D:1: 1521 daAuts
     D:4: 714 daAuts
     D:5: 4 daAuts
